[Event "ICC tourney 3187 (40 10)"]
[Site "Internet Chess Club"]
[Date "2023.05.06"]
[Round "1"]
[White "HELMSEN, GAVIN:ghelmsen"]
[Black "ZHANG, LOUIS:louis3400"]
[Result "0-1"]
[ICCResult "White checkmated"]
[WhiteElo "1618"]
[BlackElo "1269"]
[Opening "Center game: Berger variation"]
[ECO "C22"]
[NIC "KP.04"]
[Time "11:01:01"]
[PlyCount "122"]
[TimeControl "2400+10"]

1. e4 e5 2. d4 exd4 3. Qxd4 Nc6 4. Qe3 Nf6 5. Bd2 b6 6. Nc3 Bc5 7. Qg3 O-O
8. O-O-O d6 9. f4 Bb4 10. a3 Bc5 11. Nf3 Ng4 12. Be1 Ne3 13. Rd3 Ba6 14. Bd2
Nxf1 15. Rxf1 Bxd3 16. cxd3 f5 17. Ng5 Nd4 18. b4 h6 19. bxc5 hxg5 20. fxg5
g6 21. Qh4 fxe4 22. Rf6 Rxf6 23. gxf6 Nf5 24. Qg5 Kf7 25. dxe4 Nd4 26. Qd5+
Ne6 27. Nb5 dxc5 28. Nxc7 Qxd5 29. Nxd5 Rh8 30. h3 Rh4 31. e5 Ra4 32. Kb2
Rd4 33. Bc3 Rxd5 34. Kb3 Nd4+ 35. Kc4 Rxe5 36. Bxd4 cxd4 37. Kxd4 Kxf6 38.
g4 g5 39. a4 a6 40. Kc4 Ke6 41. Kd4 Kd6 42. Kc4 Re4+ 43. Kb3 Kc5 44. Kc3
Re3+ 45. Kb2 Kc4 46. Kc1 Kc3 47. Kd1 Rxh3 48. Ke2 Kd4 49. Kf2 Ke4 50. Kg2
Ra3 51. Kh2 Kf4 52. a5 b5 53. Kg2 b4 54. Kf2 Ra2+ 55. Ke1 Kf3 56. Kd1 Rh2
57. Ke1 b3 58. Kd1 Ke3 59. Kc1 Kd3 60. Kb1 Kc3 61. Ka1 Rh1# {White
checkmated} 0-1

[Event "ICC tourney 3187 (40 10)"]
[Site "Internet Chess Club"]
[Date "2023.05.06"]
[Round "1"]
[White "HANKE, HARVEY:ThinkingPanda"]
[Black "RAJ, ASHWATH:ashwathraj"]
[Result "1-0"]
[ICCResult "Black resigns"]
[WhiteElo "1884"]
[BlackElo "1522"]
[Opening "Sicilian: Grand Prix attack"]
[ECO "B23"]
[NIC "SI.44"]
[Time "11:00:57"]
[PlyCount "44"]
[TimeControl "2400+10"]

1. e4 c5 2. Nc3 Nc6 3. f4 g6 4. Nf3 Bg7 5. Bc4 d6 6. O-O Nh6 7. d3 Bg4 8. h3
Bxf3 9. Qxf3 O-O 10. g4 Kh8 11. Kh1 Nd4 12. Qg2 Rb8 13. a4 a6 14. a5 Nc6 15.
f5 Nxa5 16. g5 Ng8 17. Bd5 b5 18. Ne2 b4 19. Rf4 f6 20. Rh4 e6 21. fxg6 Nh6
22. gxh6 f5 {Black resigns} 1-0

[Event "ICC tourney 3187 (40 10)"]
[Site "Internet Chess Club"]
[Date "2023.05.06"]
[Round "1"]
[White "GARCIA, CARLOS:cayo89"]
[Black "S.M, UMER:uncrackable"]
[Result "0-1"]
[ICCResult "White forfeits on time"]
[WhiteElo "1503"]
[BlackElo "1883"]
[Opening "Sicilian: Smith-Morra gambit"]
[ECO "B21"]
[NIC "SI.47"]
[Time "11:01:36"]
[PlyCount "50"]
[TimeControl "2400+10"]

1. e4 c5 2. d4 cxd4 3. c3 Nf6 4. e5 Nd5 5. cxd4 e6 6. Nc3 Nxc3 7. bxc3 Qc7
8. Bd2 d6 9. Nf3 Nc6 10. exd6 Bxd6 11. Bd3 b6 12. Qe2 Ne7 13. O-O Bb7 14. h4
Rc8 15. Ng5 h6 16. Nxe6 fxe6 17. Qxe6 Qc6 18. Qg4 O-O 19. Bxh6 Bh2+ 20. Kxh2
Qxh6 21. Qd7 Qxh4+ 22. Kg1 Bc6 23. Qe6+ Kh8 24. Rae1 Rce8 25. Be4 Rf6
{White forfeits on time}
0-1

[Event "ICC tourney 3187 (40 10)"]
[Site "Internet Chess Club"]
[Date "2023.05.06"]
[Round "1"]
[White "TANG, OWEN:OwenT477"]
[Black "tammineni, ram:ramtammineni"]
[Result "0-1"]
[ICCResult "White resigns"]
[WhiteElo "1835"]
[BlackElo "1418"]
[Opening "Giuoco Piano"]
[ECO "C54"]
[NIC "IG.02"]
[Time "11:01:26"]
[PlyCount "63"]
[TimeControl "2400+10"]

1. e4 e5 2. Nf3 Nc6 3. Bc4 Bc5 4. c3 Nf6 5. d4 exd4 6. e5 d5 7. Bb5 Nd7 8.
cxd4 Bb4+ 9. Bd2 Bxd2+ 10. Nbxd2 O-O 11. O-O a6 12. Bxc6 bxc6 13. Rc1 Bb7
14. Nb3 a5 15. Qd2 a4 16. Na5 Rb8 17. Nxc6 Bxc6 18. Rxc6 Nb6 19. b3 axb3 20.
axb3 Qd7 21. Rc3 Rb7 22. Qc2 Rc8 23. Ng5 g6 24. Rh3 h5 25. e6 Qe7 26. exf7+
Kg7 27. Rg3 Nd7 28. h4 Nf8 29. Ra1 Rb6 30. Rd1 Nh7 31. Nxh7 Kxh7 32. Qxg6+
{White resigns}
0-1

[Event "ICC tourney 3187 (40 10)"]
[Site "Internet Chess Club"]
[Date "2023.05.06"]
[Round "1"]
[White "CHANG, ANDREW:happyluck"]
[Black "Ledas, Armandas:ArmandasLedas"]
[Result "0-1"]
[ICCResult "White checkmated"]
[WhiteElo "1088"]
[BlackElo "1561"]
[Opening "Sicilian: accelerated fianchetto, Maróczy bind, 6.Be3"]
[ECO "B38"]
[NIC "SI.33"]
[Time "11:01:07"]
[PlyCount "144"]
[TimeControl "2400+10"]

1. e4 c5 2. Nf3 Nc6 3. d4 cxd4 4. Nxd4 g6 5. c4 Bg7 6. Be3 Nf6 7. Nc3 O-O 8.
Be2 d6 9. O-O a6 10. Qd2 Qc7 11. Rad1 Rd8 12. Nd5 Nxd5 13. cxd5 Nxd4 14.
Bxd4 Bxd4 15. Qxd4 Bd7 16. Rc1 Qa5 17. a3 Rdc8 18. f4 Qa4 19. Qe3 Bb5 20. f5
Bxe2 21. Qxe2 Qd4+ 22. Kh1 b5 23. fxg6 fxg6 24. h3 Rc4 25. Rxc4 bxc4 26. Qg4
Qe5 27. Qf3 Qg7 28. Qg4 Rf8 29. Rxf8+ Qxf8 30. Qe2 Qc8 31. Qc2 Qc5 32. Kh2
Qd4 33. g3 Kf7 34. Kg2 Kf6 35. Qc3 Ke5 36. Kf3 h6 37. h4 h5 38. a4 a5 39.
Qe3 Qd1+ 40. Kg2 Qc2+ 41. Kf3 Qd3 42. Qxd3 cxd3 43. Ke3 d2 44. Kxd2 Kxe4 45.
Kc3 Kxd5 46. b4 axb4+ 47. Kxb4 Kc6 48. a5 d5 49. a6 Kb6 50. a7 Kxa7 51. Kc5
e6 52. Kd4 Kb6 53. Kd3 Kc5 54. Kc3 d4+ 55. Kd3 Kd5 56. Kd2 Ke4 57. Ke2 e5
58. Kd2 Kf3 59. Kd3 Kxg3 60. Ke4 Kxh4 61. Kd3 Kg3 62. Ke2 h4 63. Kd3 h3 64.
Ke4 h2 65. Kxe5 h1=Q 66. Kf6 Qe4 67. Kf7 d3 68. Kf6 d2 69. Kg7 d1=Q 70. Kh6
Qh5+ 71. Kg7 Qe7+ 72. Kg8 Qhh7# {White checkmated} 0-1

[Event "ICC tourney 3187 (40 10)"]
[Site "Internet Chess Club"]
[Date "2023.05.06"]
[Round "1"]
[White "ZHANG, ARI:brass60Six"]
[Black "SKARIAH, ANUSHKA ELIZABETH:askariah"]
[Result "1/2-1/2"]
[ICCResult "Game drawn by repetition"]
[WhiteElo "1299"]
[BlackElo "1618"]
[Opening "QGD: semi-Slav"]
[ECO "D31"]
[NIC "SL.06"]
[Time "11:18:33"]
[PlyCount "110"]
[TimeControl "2400+10"]

1. d4 d5 2. c4 e6 3. Nc3 c6 4. cxd5 exd5 5. Bf4 Bf5 6. Nf3 Nf6 7. a3 Bd6 8.
Bxd6 Qxd6 9. e3 O-O 10. Bd3 Bxd3 11. Qxd3 Nbd7 12. O-O Rae8 13. Nd2 Ng4 14.
Nf3 h6 15. h3 Ngf6 16. Nd2 Re7 17. Rfe1 Rfe8 18. Rad1 Ne4 19. Ndxe4 dxe4 20.
Qc2 Nb6 21. Qb3 Nd5 22. Rc1 Nb6 23. Red1 Rd8 24. Qc2 f5 25. Qb3+ Kh8 26. Ne2
Nd5 27. Ng3 Qg6 28. Ne2 Rc7 29. Rc5 b6 30. Rcc1 Qf6 31. Qc2 g5 32. Nc3 Qe6
33. Nxd5 Qxd5 34. Qe2 Kh7 35. b4 Rcc8 36. Qa6 Qd7 37. Qe2 Rf8 38. Rc2 Qd5
39. Re1 Rc7 40. Rec1 Rfc8 41. Qc4 Qd6 42. Qb3 Qd7 43. a4 Qd6 44. d5 c5 45.
bxc5 Rxc5 46. Rxc5 Rxc5 47. Rxc5 Qxc5 48. Kf1 f4 49. Kg1 Qc1+ 50. Kh2 Qc7
51. Kg1 Qc1+ 52. Kh2 Qc7 53. Kh1 Qc1+ 54. Kh2 Qc7 55. Kg1 Qc1+
{Game drawn by repetition}
1/2-1/2

[Event "ICC tourney 3187 (40 10)"]
[Site "Internet Chess Club"]
[Date "2023.05.06"]
[Round "2"]
[White "S.M, UMER:uncrackable"]
[Black "tammineni, ram:ramtammineni"]
[Result "1-0"]
[ICCResult "Black checkmated"]
[WhiteElo "1883"]
[BlackElo "1418"]
[Opening "Queen's bishop game"]
[ECO "D02"]
[NIC "QP.08"]
[Time "13:18:21"]
[PlyCount "41"]
[TimeControl "2400+10"]

1. d4 d5 2. Nf3 Nf6 3. Bf4 e6 4. e3 c5 5. Nbd2 Nc6 6. c3 Be7 7. Ne5 O-O 8.
h4 cxd4 9. exd4 Nxe5 10. dxe5 Nd7 11. Bd3 Qc7 12. Nf3 Bc5 13. Bxh7+ Kxh7 14.
Ng5+ Kg8 15. Qh5 Rd8 16. Qxf7+ Kh8 17. Qh5+ Kg8 18. Qh7+ Kf8 19. Qh8+ Ke7
20. Qxg7+ Ke8 21. Qf7# {Black checkmated} 1-0

[Event "ICC tourney 3187 (40 10)"]
[Site "Internet Chess Club"]
[Date "2023.05.06"]
[Round "2"]
[White "RAJ, ASHWATH:ashwathraj"]
[Black "CHANG, ANDREW:happyluck"]
[Result "0-1"]
[ICCResult "White resigns"]
[WhiteElo "1522"]
[BlackElo "1088"]
[Opening "QGD Slav defense: exchange variation"]
[ECO "D10"]
[NIC "SL.01"]
[Time "13:18:22"]
[PlyCount "64"]
[TimeControl "2400+10"]

1. d4 d5 2. c4 c6 3. cxd5 cxd5 4. Bf4 Nf6 5. Nc3 Bf5 6. Qb3 b6 7. e3 e6 8.
Qa4+ Nfd7 9. Nb5 e5 10. dxe5 Be6 11. Rc1 Bc5 12. b4 O-O 13. bxc5 Nxc5 14.
Qa3 Nc6 15. Nf3 Qd7 16. Nfd4 Nxd4 17. exd4 Ne4 18. Rc7 Qd8 19. Rxa7 Rxa7 20.
Qxa7 Qc8 21. Bd3 Nc3 22. O-O Nxb5 23. Bxb5 Qd8 24. h3 Bf5 25. Be3 Be4 26.
Rc1 f5 27. exf6 Rxf6 28. Rc7 Rg6 29. g3 h6 30. Bd7 Qf6 31. Bf4 Qxf4 32. Qa3
Qxc7 {White resigns} 0-1

[Event "ICC tourney 3187 (40 10)"]
[Site "Internet Chess Club"]
[Date "2023.05.06"]
[Round "2"]
[White "TANG, OWEN:OwenT477"]
[Black "ZHANG, ARI:brass60Six"]
[Result "1-0"]
[ICCResult "Black checkmated"]
[WhiteElo "1835"]
[BlackElo "1299"]
[Opening "Caro-Kann defense"]
[ECO "B15"]
[NIC "CK.05"]
[Time "13:17:02"]
[PlyCount "55"]
[TimeControl "2400+10"]

1. e4 c6 2. d4 d5 3. Nc3 e6 4. Nf3 dxe4 5. Nxe4 h6 6. Bc4 Nf6 7. Nxf6+ Qxf6
8. Be3 Bd6 9. Qd2 O-O 10. O-O-O e5 11. dxe5 Bxe5 12. Nxe5 Qxe5 13. Bd4 Qc7
14. Bc5 Re8 15. Bd6 Qb6 16. Bxf7+ Kxf7 17. Qf4+ Kg8 18. Bxb8 Be6 19. Bc7 Qb5
20. a3 Rac8 21. Rhe1 c5 22. Be5 Qc6 23. Qg3 g5 24. Rd6 Qb5 25. Bc3 Rc6 26.
Qe5 Re7 27. Rd8+ Kf7 28. Qg7# {Black checkmated} 1-0

[Event "ICC tourney 3187 (40 10)"]
[Site "Internet Chess Club"]
[Date "2023.05.06"]
[Round "2"]
[White "GARCIA, CARLOS:cayo89"]
[Black "HELMSEN, GAVIN:ghelmsen"]
[Result "0-1"]
[ICCResult "White checkmated"]
[WhiteElo "1503"]
[BlackElo "1618"]
[Opening "French: Wing gambit"]
[ECO "C00"]
[NIC "FR.01"]
[Time "13:15:47"]
[PlyCount "48"]
[TimeControl "2400+10"]

1. e4 e6 2. Nf3 d5 3. e5 c5 4. b4 cxb4 5. d4 Nc6 6. a3 bxa3 7. Bxa3 Bxa3 8.
Rxa3 Nge7 9. Bd3 Nb4 10. O-O Nxd3 11. Qxd3 O-O 12. Nbd2 a5 13. c4 dxc4 14.
Nxc4 b5 15. Nd6 b4 16. Raa1 Ba6 17. Nc4 Qd5 18. Rfc1 Rfc8 19. Nfd2 Nc6 20.
Qe3 Nxd4 21. Rxa5 Ne2+ 22. Kh1 Qxa5 23. Nxa5 Rxc1+ 24. Nf1 Rxf1#
{White checkmated}
0-1

[Event "ICC tourney 3187 (40 10)"]
[Site "Internet Chess Club"]
[Date "2023.05.06"]
[Round "2"]
[White "Ledas, Armandas:ArmandasLedas"]
[Black "HANKE, HARVEY:ThinkingPanda"]
[Result "1-0"]
[ICCResult "Black checkmated"]
[WhiteElo "1561"]
[BlackElo "1884"]
[Opening "Scotch: Potter variation"]
[ECO "C45"]
[NIC "SO.05"]
[Time "13:15:19"]
[PlyCount "111"]
[TimeControl "2400+10"]

1. e4 e5 2. Nf3 Nc6 3. d4 exd4 4. Nxd4 Bc5 5. Nb3 Bb6 6. Nc3 Nf6 7. Qe2 d6
8. Be3 O-O 9. O-O-O Re8 10. f3 Be6 11. g4 Ne5 12. h4 Bc4 13. Qf2 Nfxg4 14.
fxg4 Nxg4 15. Qg3 Bxe3+ 16. Kb1 Be6 17. Be2 Bf2 18. Qg2 Ne3 19. Qxf2 Nxd1
20. Rxd1 Qe7 21. Nd4 a6 22. Rg1 Rad8 23. Bg4 c6 24. Nce2 Kh8 25. h5 h6 26.
Nxe6 fxe6 27. Nf4 Qf6 28. Bxe6 Rxe6 29. Rg6 Rf8 30. Rxf6 Rexf6 31. Ng6+ Kg8
32. Ne7+ Kh7 33. Nf5 Re8 34. Qg2 Rxf5 35. Qg6+ Kg8 36. Qxe8+ Rf8 37. Qe6+
Kh8 38. b3 Rf1+ 39. Kb2 Rf6 40. Qd7 Rf4 41. Qxb7 Rxe4 42. Qc8+ Kh7 43. Qf5+
Kg8 44. Qxe4 d5 45. Qe6+ Kf8 46. Qxc6 Kf7 47. Qxd5+ Kf6 48. c4 a5 49. c5 a4
50. c6 a3+ 51. Kxa3 g5 52. c7 g4 53. c8=Q g3 54. Qce6+ Kg7 55. Qf7+ Kh8 56.
Qd4# {Black checkmated} 1-0

[Event "ICC tourney 3187 (40 10)"]
[Site "Internet Chess Club"]
[Date "2023.05.06"]
[Round "2"]
[White "ZHANG, LOUIS:louis3400"]
[Black "SKARIAH, ANUSHKA ELIZABETH:askariah"]
[Result "0-1"]
[ICCResult "White checkmated"]
[WhiteElo "1269"]
[BlackElo "1618"]
[Opening "French: exchange variation"]
[ECO "C01"]
[NIC "FR.01"]
[Time "13:15:20"]
[PlyCount "128"]
[TimeControl "2400+10"]

1. e4 e6 2. d4 d5 3. exd5 exd5 4. Nf3 Nf6 5. Bd3 Bd6 6. O-O O-O 7. Bg5 Be6
8. c3 Nbd7 9. Qc2 c6 10. Bxh7+ Kh8 11. Bf5 Bxf5 12. Qxf5 Qc7 13. Nbd2 Nh7
14. Rfe1 Kg8 15. Be7 Rfe8 16. Bxd6 Qxd6 17. Ne5 Nxe5 18. dxe5 Qe7 19. Re3 g6
20. Qf4 Ng5 21. Rae1 Ne6 22. Qh6 Qg5 23. Qxg5 Nxg5 24. f4 Ne6 25. Rf3 Kg7
26. f5 Nc5 27. b4 Nd7 28. e6 gxf5 29. Rxf5 Rxe6 30. Rxe6 fxe6 31. Rg5+ Kf6
32. h4 Rh8 33. g3 Ne5 34. Kf2 b6 35. Ke3 c5 36. a3 cxb4 37. axb4 Rc8 38. Kd4
Nf7 39. Rg4 Nh6 40. Rf4+ Nf5+ 41. Kd3 e5 42. Rf1 Rg8 43. c4 Rxg3+ 44. Kc2
Kg6 45. h5+ Kg5 46. Rh1 Ne3+ 47. Kc1 Kh6 48. cxd5 Nxd5 49. b5 Nc3 50. Nc4
Rg5 51. Nd6 Rxh5 52. Rxh5+ Kxh5 53. Kd2 Nb1+ 54. Kc2 Na3+ 55. Kb3 Nb1 56.
Nc8 e4 57. Nxa7 Kg4 58. Nc8 e3 59. Nxb6 e2 60. Nc4 e1=Q 61. b6 Qc3+ 62. Ka4
Qxc4+ 63. Ka5 Nc3 64. b7 Qb5# {White checkmated} 0-1

[Event "ICC tourney 3187 (40 10)"]
[Site "Internet Chess Club"]
[Date "2023.05.06"]
[Round "3"]
[White "Ledas, Armandas:ArmandasLedas"]
[Black "S.M, UMER:uncrackable"]
[Result "0-1"]
[ICCResult "White checkmated"]
[WhiteElo "1561"]
[BlackElo "1883"]
[Opening "Sicilian: closed"]
[ECO "B23"]
[NIC "SI.44"]
[Time "15:30:13"]
[PlyCount "118"]
[TimeControl "2400+10"]

1. e4 c5 2. Nc3 e6 3. f4 d5 4. Nf3 dxe4 5. Nxe4 Be7 6. Bb5+ Bd7 7. Bxd7+
Qxd7 8. O-O Nf6 9. d3 Nc6 10. a3 O-O 11. Bd2 Qc7 12. Qe1 Nd4 13. Nxd4 cxd4
14. c3 dxc3 15. Bxc3 Nd5 16. Rc1 Qb6+ 17. Qf2 Qxf2+ 18. Rxf2 Rac8 19. Kf1
Rc6 20. Ke2 Rfc8 21. Kf3 h6 22. Rfc2 f5 23. Nf2 g5 24. fxg5 hxg5 25. Re1 Kf7
26. g3 g4+ 27. Kg2 Nxc3 28. bxc3 Rxc3 29. Rce2 R8c6 30. d4 Bf6 31. d5 exd5
32. Re8 Rc2 33. Rb8 Bd4 34. Rxb7+ Kf6 35. Rf1 Rb6 36. Rxa7 Rbb2 37. Ra5
Rxf2+ 38. Rxf2 Rxf2+ 39. Kg1 Ra2+ 40. Kf1 Ke5 41. Ra8 Ke4 42. Re8+ Kf3 43.
Ke1 Rxh2 44. a4 Ra2 45. a5 Bc3+ 46. Kd1 Bxa5 47. Rb8 Rd2+ 48. Kc1 Rd3 49.
Kc2 Rc3+ 50. Kd1 Ra3 51. Rb7 Kxg3 52. Rb5 Rd3+ 53. Ke2 Rd2+ 54. Kf1 Bc3 55.
Rb3 d4 56. Rb5 f4 57. Rh5 Kf3 58. Ke1 Rd3+ 59. Kf1 Rd1# {White checkmated}
0-1

[Event "ICC tourney 3187 (40 10)"]
[Site "Internet Chess Club"]
[Date "2023.05.06"]
[Round "3"]
[White "HELMSEN, GAVIN:ghelmsen"]
[Black "CHANG, ANDREW:happyluck"]
[Result "0-1"]
[ICCResult "White resigns"]
[WhiteElo "1618"]
[BlackElo "1088"]
[Opening "Center game: Berger variation"]
[ECO "C22"]
[NIC "KP.04"]
[Time "15:30:19"]
[PlyCount "68"]
[TimeControl "2400+10"]

1. e4 e5 2. d4 exd4 3. Qxd4 Nc6 4. Qe3 Nf6 5. Bd2 Bb4 6. a3 Bxd2+ 7. Nxd2
O-O 8. O-O-O a6 9. f4 b5 10. Ngf3 Rb8 11. h3 a5 12. g4 a4 13. g5 Ne8 14. h4
b4 15. h5 Qe7 16. Nb1 Qe6 17. Bh3 Qa2 18. axb4 Rxb4 19. Qc3 Rc4 20. Qa3 Nb4
21. Rd2 Qb3 22. Qxb3 axb3 23. Na3 Rxe4 24. c3 Na6 25. f5 Bb7 26. Rg1 Re3 27.
Nc4 Rxf3 28. Bg4 Rf4 29. Ne5 Ra4 30. Kb1 Be4+ 31. Nd3 Nc5 32. Be2 Bxf5 33.
Rf1 Nd6 34. Rxf5 Rfa8 {White resigns} 0-1

[Event "ICC tourney 3187 (40 10)"]
[Site "Internet Chess Club"]
[Date "2023.05.06"]
[Round "3"]
[White "ZHANG, LOUIS:louis3400"]
[Black "TANG, OWEN:OwenT477"]
[Result "0-1"]
[ICCResult "White checkmated"]
[WhiteElo "1269"]
[BlackElo "1835"]
[Opening "French: exchange variation"]
[ECO "C01"]
[NIC "FR.01"]
[Time "15:30:14"]
[PlyCount "170"]
[TimeControl "2400+10"]

1. e4 e6 2. d4 d5 3. exd5 exd5 4. Nf3 Bd6 5. Bd3 Ne7 6. O-O Bf5 7. Bg5 f6 8.
Bh4 O-O 9. Bg3 c6 10. c3 Bxg3 11. fxg3 Bxd3 12. Qxd3 Nd7 13. Nbd2 Re8 14. c4
Nb6 15. b3 Ng6 16. c5 Nd7 17. b4 Qc7 18. Rae1 Ndf8 19. Nb3 Qd7 20. a4 Rxe1
21. Rxe1 Re8 22. Rxe8 Qxe8 23. b5 f5 24. Na5 Qe4 25. Qxe4 fxe4 26. Ne1 cxb5
27. axb5 b6 28. cxb6 axb6 29. Nc6 Ne6 30. Nc2 Nc7 31. Kf2 Nxb5 32. h4 Kf8
33. h5 Ne7 34. Ne5 Ke8 35. g4 g6 36. hxg6 hxg6 37. Ke3 Nc7 38. Kd2 Ne6 39.
Ke3 b5 40. Nb4 Kf8 41. Nxd5 Nxd5+ 42. Kxe4 Nf6+ 43. Kd3 Kg7 44. g3 Nd5 45.
Ke4 Nec7 46. g5 b4 47. Kd3 b3 48. Kd2 Nb5 49. Nf3 Na3 50. Kc1 Nc4 51. Nd2
b2+ 52. Kc2 Nxd2 53. Kxb2 Ne4 54. Kc2 Nxg3 55. Kd3 Nf5 56. Ke4 Nfe3 57. Ke5
Kf7 58. Kd6 Nb4 59. Ke5 Ke7 60. Ke4 Nc4 61. d5 Kd6 62. Kd4 Nb6 63. Ke4 N4xd5
64. Kd4 Ke6 65. Ke4 Ne7 66. Kf4 Nbc8 67. Kg4 Ke5 68. Kh4 Kf4 69. Kh3 Kxg5
70. Kg3 Nf5+ 71. Kf3 Kh4 72. Kf4 g5+ 73. Kxf5 g4 74. Kf4 Kh3 75. Ke3 Kh2 76.
Kf2 g3+ 77. Kf3 g2 78. Kg4 g1=Q+ 79. Kh4 Qg3+ 80. Kh5 Kg2 81. Kh6 Kf3 82.
Kh7 Kf4 83. Kh8 Kf5 84. Kh7 Kf6 85. Kh6 Qg6# {White checkmated} 0-1

[Event "ICC tourney 3187 (40 10)"]
[Site "Internet Chess Club"]
[Date "2023.05.06"]
[Round "3"]
[White "ZHANG, ARI:brass60Six"]
[Black "GARCIA, CARLOS:cayo89"]
[Result "1-0"]
[ICCResult "Black checkmated"]
[WhiteElo "1299"]
[BlackElo "1503"]
[Opening "Old Indian defense"]
[ECO "A53"]
[NIC "QP.07"]
[Time "15:30:21"]
[PlyCount "77"]
[TimeControl "2400+10"]

1. d4 Nf6 2. c4 d6 3. Nf3 Nbd7 4. Bf4 g6 5. Nc3 Bg7 6. e4 e6 7. Bd3 b6 8.
O-O Bb7 9. Re1 O-O 10. Bg5 h6 11. Bf4 Nh5 12. Be3 e5 13. d5 Nc5 14. Be2 Bc8
15. b4 Nxe4 16. Nxe4 f5 17. Nxd6 cxd6 18. Rb1 f4 19. Bc1 Bf5 20. Bd3 Qd7 21.
Nh4 Qf7 22. Nxf5 gxf5 23. Be2 Nf6 24. Bb2 a5 25. Ba3 Rfd8 26. Qc2 e4 27. Bc1
f3 28. gxf3 Qg6+ 29. Kh1 Re8 30. Rg1 Qh7 31. Be3 exf3 32. Bxf3 Ne4 33. Bd4
Re7 34. Bxe4 fxe4 35. Qb2 Raa7 36. Rg3 Kf8 37. Bxg7+ Rxg7 38. Qf6+ Rgf7 39.
Qd8# {Black checkmated} 1-0

[Event "ICC tourney 3187 (40 10)"]
[Site "Internet Chess Club"]
[Date "2023.05.06"]
[Round "3"]
[White "SKARIAH, ANUSHKA ELIZABETH:askariah"]
[Black "HANKE, HARVEY:ThinkingPanda"]
[Result "0-1"]
[ICCResult "White checkmated"]
[WhiteElo "1618"]
[BlackElo "1884"]
[Opening "Vienna gambit"]
[ECO "C25"]
[NIC "VG.04"]
[Time "15:30:21"]
[PlyCount "146"]
[TimeControl "2400+10"]

1. e4 e5 2. Nc3 Nc6 3. f4 Bc5 4. Nf3 d6 5. Bc4 Nf6 6. d3 Bg4 7. Na4 Nd4 8.
Nxc5 dxc5 9. fxe5 Nd7 10. Bf4 Qe7 11. c3 Nc6 12. d4 cxd4 13. h3 Bxf3 14.
Qxf3 Ndxe5 15. Qe2 Nxc4 16. Qxc4 Qxe4+ 17. Qe2 Qxe2+ 18. Kxe2 O-O-O 19. Kf2
dxc3 20. bxc3 Rd3 21. Rhc1 Re8 22. Rc2 Re4 23. Bg3 Ree3 24. Bf4 Rxc3 25. Rd2
Re4 26. Bg3 Re6 27. Bh4 h6 28. Kg1 Rc4 29. Bf2 Rce4 30. Rad1 Re2 31. Rd7 Re7
32. R7d5 Rxa2 33. Bh4 g5 34. Bg3 Ree2 35. R5d3 Rxg2+ 36. Kf1 f5 37. Be5 b6
38. Bf6 Raf2+ 39. Ke1 Rf4 40. Rc3 Rg1+ 41. Ke2 Re4+ 42. Kd2 Rxd1+ 43. Kxd1
Re6 44. Bg7 Rg6 45. Bh8 h5 46. Kc1 g4 47. hxg4 fxg4 48. Rc4 h4 49. Bc3 g3
50. Be1 g2 51. Bf2 g1=Q+ 52. Bxg1 Rxg1+ 53. Kc2 Kb7 54. Rxh4 a5 55. Kb2 b5
56. Rh5 Kb6 57. Rh7 Rg2+ 58. Kc3 a4 59. Rh1 b4+ 60. Kc4 Rc2+ 61. Kd3 b3 62.
Rb1 Ra2 63. Kc3 Na5 64. Rb2 Rxb2 65. Kxb2 Kb5 66. Ka1 Kb4 67. Kb2 Nc4+ 68.
Ka1 Kc3 69. Kb1 a3 70. Ka1 b2+ 71. Kb1 Nd2+ 72. Ka2 b1=R 73. Kxa3 Ra1#
{White checkmated}
0-1

[Event "ICC tourney 3187 (40 10)"]
[Site "Internet Chess Club"]
[Date "2023.05.06"]
[Round "4"]
[White "TANG, OWEN:OwenT477"]
[Black "Ledas, Armandas:ArmandasLedas"]
[Result "1-0"]
[ICCResult "Black resigns"]
[WhiteElo "1835"]
[BlackElo "1561"]
[Opening "Sicilian: accelerated fianchetto, Maróczy bind, 6.Be3"]
[ECO "B38"]
[NIC "SI.33"]
[Time "17:45:08"]
[PlyCount "51"]
[TimeControl "2400+10"]

1. e4 c5 2. Nf3 Nc6 3. d4 cxd4 4. Nxd4 g6 5. c4 Bg7 6. Be3 Nf6 7. Nc3 O-O 8.
Be2 e6 9. O-O d5 10. cxd5 exd5 11. Nxc6 bxc6 12. exd5 cxd5 13. Bf3 Be6 14.
Bg5 Rb8 15. Nxd5 Bxd5 16. Bxf6 Qxf6 17. Bxd5 Rfd8 18. Qf3 Qxf3 19. Bxf3 Rxb2
20. a4 Rdd2 21. Rad1 Bd4 22. Rxd2 Rxd2 23. g3 Ra2 24. Bc6 f6 25. Bd5+ Kf8
26. Bxa2 {Black resigns} 1-0

[Event "ICC tourney 3187 (40 10)"]
[Site "Internet Chess Club"]
[Date "2023.05.06"]
[Round "4"]
[White "HELMSEN, GAVIN:ghelmsen"]
[Black "ZHANG, ARI:brass60Six"]
[Result "1-0"]
[ICCResult "Black checkmated"]
[WhiteElo "1618"]
[BlackElo "1299"]
[Opening "Caro-Kann: Tartakower (fantasy) variation"]
[ECO "B12"]
[NIC "CK.02"]
[Time "17:45:17"]
[PlyCount "59"]
[TimeControl "2400+10"]

1. e4 c6 2. d4 d5 3. f3 e6 4. Nc3 Bb4 5. a3 Ba5 6. b4 Bc7 7. e5 Bb6 8. f4
Nh6 9. Nf3 Nd7 10. Be2 O-O 11. O-O Nf5 12. g4 Nh6 13. h3 Kh8 14. Be3 Ng8 15.
Na4 Qe7 16. Bf2 Qe8 17. c3 f6 18. Bh4 fxe5 19. fxe5 Bd8 20. Bd3 Rxf3 21.
Qxf3 Bxh4 22. Ra2 b5 23. Nc5 Nxc5 24. bxc5 Bd7 25. Rg2 Qd8 26. g5 Bxg5 27.
Qh5 Bh6 28. Rxg7 Kxg7 29. Rf7+ Kh8 30. Rxh7# {Black checkmated} 1-0

[Event "ICC tourney 3187 (40 10)"]
[Site "Internet Chess Club"]
[Date "2023.05.06"]
[Round "4"]
[White "HANKE, HARVEY:ThinkingPanda"]
[Black "S.M, UMER:uncrackable"]
[Result "1/2-1/2"]
[ICCResult "Game drawn by mutual agreement"]
[WhiteElo "1884"]
[BlackElo "1883"]
[Opening "Sicilian: closed"]
[ECO "B23"]
[NIC "SI.44"]
[Time "17:45:20"]
[PlyCount "63"]
[TimeControl "2400+10"]

1. e4 c5 2. Nc3 e6 3. f4 d5 4. Bb5+ Nc6 5. Nf3 dxe4 6. Bxc6+ bxc6 7. Nxe4
Nf6 8. d3 Nxe4 9. dxe4 Ba6 10. Qxd8+ Rxd8 11. Be3 Be7 12. b3 c4 13. Bxa7
Bb4+ 14. Kf2 O-O 15. Be3 Ra8 16. Rad1 Bb7 17. a4 cxb3 18. cxb3 c5 19. Nd2
Bxd2 20. Rxd2 Bxe4 21. Bxc5 Rfb8 22. Rhd1 Bd5 23. b4 Rxa4 24. f5 Raa8 25.
fxe6 fxe6 26. Ke3 Ra3+ 27. Kd4 Rb3 28. Ke5 Rd8 29. Rf2 h6 30. Rfd2 Rc3 31.
Ra1 Rc4 32. Re1 {Game drawn by mutual agreement} 1/2-1/2

[Event "ICC tourney 3187 (40 10)"]
[Site "Internet Chess Club"]
[Date "2023.05.06"]
[Round "4"]
[White "tammineni, ram:ramtammineni"]
[Black "SKARIAH, ANUSHKA ELIZABETH:askariah"]
[Result "0-1"]
[ICCResult "White checkmated"]
[WhiteElo "1418"]
[BlackElo "1618"]
[Opening "French: exchange variation"]
[ECO "C01"]
[NIC "FR.01"]
[Time "17:45:18"]
[PlyCount "126"]
[TimeControl "2400+10"]

1. e4 e6 2. d4 d5 3. exd5 exd5 4. c4 c6 5. Nc3 Nf6 6. Nf3 Bd6 7. Bd3 O-O 8.
O-O dxc4 9. Bxc4 Bf5 10. Bg5 Nbd7 11. Bd3 Qa5 12. a3 Be6 13. b4 Qc7 14. Bxf6
Nxf6 15. Ne4 Nxe4 16. Bxe4 h6 17. h3 Rad8 18. Qc2 Rfe8 19. Rfd1 a6 20. Rac1
Qe7 21. Re1 Qf6 22. Rcd1 Bb8 23. Bd3 Bd5 24. Be4 Be6 25. Bd3 Bxh3 26. gxh3
Qxf3 27. Rxe8+ Rxe8 28. Bh7+ Kh8 29. Qd3 Qf4 30. Qg3 Qxg3+ 31. fxg3 Kxh7 32.
Rd3 Re1+ 33. Kg2 Bd6 34. d5 cxd5 35. Rxd5 Re6 36. b5 Bxa3 37. bxa6 bxa6 38.
Rd7 f6 39. Rd3 Bb4 40. Rb3 a5 41. Rb2 Re4 42. Kf3 Rc4 43. Ra2 Bc3 44. Ke3
Bb4 45. Kf3 Rc3+ 46. Kf4 Bd6+ 47. Ke4 Bc7 48. Kd5 Rxg3 49. Ke6 Rxh3 50. Kf7
Rg3 51. Re2 Be5 52. Ra2 Bc3 53. Re2 Rd3 54. Re7 f5 55. Ra7 f4 56. Kf8 f3 57.
Rf7 a4 58. Ke8 a3 59. Ra7 f2 60. Rxa3 f1=Q 61. Ra7 Qe2+ 62. Kf8 Rf3+ 63. Rf7
Bb4# {White checkmated} 0-1